Map: [G8] Ancient Cistern

Players

ByuN

  • Race: Terran Terran
  • Spawn Location: 1:00

Classic - Winner!

  • Race: Protoss Protoss
  • Spawn Location: 7:00

Event: Gamers8 2023

VOD

Have the link to the VOD?

Description

Time

  • Played on: Aug. 3, 2023, 5:16 p.m.
  • Length: 13:03

All games in this series

Show
View Real Time Build Order
Export as new Build Order

ByuN Terran 

Build Orders: Reaper Expand 

Get SALT Encoding   

  12  0:00  SCV  
  13  0:12  SCV  
  14  0:17  Supply Depot  
  14  0:24  SCV  
  15  0:38  SCV  
  15  0:39  Barracks  
  15  0:42  Refinery  
  16  0:50  SCV  
  17  1:02  SCV  
  18  1:14  SCV  
  19  1:25  Reaper  
  19  1:27  Orbital Command  
  20  1:37  Command Center  
  20  1:47  Supply Depot  
  20  1:53  SCV  
  21  1:58  Barracks Reactor  
  21  2:05  SCV  
  22  2:17  SCV  
  22  2:21  Command Center  
  23  2:29  SCV  
  24  2:31  Barracks  
  24  2:34  Marine x2  
  26  2:42  SCV  
  27  2:51  Marine x2  
  27  2:54  SCV, Orbital Command  
  30  3:00  Barracks  
  30  3:06  SCV  
  32  3:16  Marine x2  
  32  3:18  SCV  
  32  3:19  SCV, Engineering Bay  
  35  3:20  Barracks Tech Lab  
  35  3:30  SCV  
  35  3:31  SCV  
  35  3:34  Marine x2  
  37  3:35  Orbital Command  
  37  3:39  Marine  
  40  3:42  SCV  
  40  3:43  SCV  
  40  3:48  Marine, Stimpack  
  43  3:49  Orbital Command  
  43  3:50  Orbital Command  
  43  3:54  SCV  
  44  3:56  SCV, Terran Infantry Weapons Level 1  
  44  3:57  Supply Depot  
  44  3:58  Refinery  
  44  3:59  Marine  
  44  4:01  Marine  
  44  4:02  Marine  
  50  4:11  Bunker  
  50  4:16  SCV x3  
  52  4:20  Marine  
  52  4:21  Marine  
  52  4:22  Marine, Barracks Tech Lab  
  52  4:28  SCV x2  
  52  4:29  SCV  
  55  4:36  Factory  
  54  4:40  SCV x2  
  54  4:41  SCV  
  54  4:42  Marine x2  
  54  4:43  Refinery  
  59  4:46  Marauder  
  59  4:47  Marauder  
  59  4:48  Combat Shield  
  59  4:52  SCV x2, Supply Depot  
  65  4:53  SCV  
  66  5:03  Marine  
  66  5:04  Marine, SCV x2  
  69  5:10  Marauder, Refinery, SCV  
  69  5:11  Marauder  
  74  5:14  Supply Depot  
  74  5:16  SCV x2  
  74  5:20  Starport, Factory Reactor  
  76  5:22  SCV  
  76  5:23  Marine x2  
  78  5:28  SCV  
  78  5:30  Barracks  
  76  5:36  Marauder  
  76  5:37  Barracks  
  76  5:40  Marauder  
  76  5:42  SCV x2  
  82  5:46  Marine x2, Orbital Command  
  82  5:47  Supply Depot  
  82  5:48  Concussive Shells  
  84  5:53  Supply Depot  
  84  5:56  Terran Infantry Armor Level 1, SCV  
  84  5:57  SCV  
  86  6:02  Marauder x2  
  90  6:09  Marine x2, SCV x2, Factory Tech Lab  
  94  6:12  Medivac  
  94  6:17  Medivac  
  98  6:19  Barracks Tech Lab  
  98  6:20  SCV  
  98  6:21  SCV x2  
  98  6:25  Barracks Tech Lab, Supply Depot  
  101  6:28  Supply Depot  
  101  6:33  SCV x2, Supply Depot  
  101  6:36  Marauder x2  
  101  6:38  Marine x2  
  108  6:46  Siege Tank, Marauder  
  115  6:48  SCV x2  
  115  6:49  Supply Depot x2  
  115  6:50  Medivac x2, SCV  
  120  6:54  Supply Depot  
  120  7:01  SCV x2, Supply Depot  
  120  7:02  SCV  
  120  7:04  Refinery x2  
  120  7:05  Marauder x2  
  120  7:07  Marauder  
  131  7:08  Marauder  
  131  7:09  Marine  
  131  7:10  Marine  
  131  7:14  SCV x2  
  135  7:15  SCV  
  136  7:25  Siege Tank  
  136  7:26  Medivac, Marine  
  136  7:27  Medivac  
  144  7:32  Supply Depot x2  
  144  7:34  Marauder x3, Marine x2  
  152  7:39  Supply Depot  
  152  7:44  Marine  
  153  7:56  Marauder x3, Viking  
  153  7:57  Viking  
  163  7:59  Marine x2  
  163  8:02  Marauder  
  152  8:16  Marine x2  
  152  8:17  Siege Tank, Marauder x2  
  149  8:20  Marine  
  149  8:23  Marine  
  149  8:26  Ghost Academy  
  150  8:31  Viking  
  150  8:32  Viking  
  152  8:35  Marauder  
  152  8:38  Marine x2  
  152  8:39  Marauder  
  160  8:41  Marauder  
  160  8:46  Supply Depot  
  162  8:49  Siege Tank  
  162  8:54  Command Center  
  165  8:56  Marine  
  165  8:58  Ghost x2  
  165  9:01  Viking  
  165  9:02  Viking  
  172  9:04  Marine x3  
  162  9:18  SCV x2  
  162  9:20  SCV  
  162  9:22  Marauder x2  
  139  9:26  Marine  
  139  9:27  Marauder  
  139  9:28  Marauder, Marine  
  139  9:30  SCV  
  144  9:31  Viking  
  144  9:32  Viking  
  142  9:43  Marauder  
  142  9:44  Marauder, Marine  
  129  9:46  Marine  
  129  9:49  Marauder x2  
  126  10:01  Barracks  
  126  10:02  Barracks, Marine  
  126  10:03  Barracks  
  126  10:04  Marine  
  126  10:05  Marauder x2  
  126  10:07  SCV x3  
  126  10:10  Marine x2  
  126  10:12  Factory Reactor  
  128  10:14  Medivac x2  
  128  10:19  SCV x3  
  135  10:25  Marine x2  
  135  10:26  Marauder  
  135  10:27  Marauder  
  135  10:28  Marauder  
  143  10:30  Marauder  
  143  10:31  SCV x3  
  147  10:43  SCV x2  
  147  10:47  Ghost, Orbital Command  
  147  10:48  Marauder, Missile Turret  
  147  10:49  Ghost, Missile Turret  
  155  10:50  Ghost  
  155  10:56  Marine  
  158  10:58  Marine  
  158  11:01  Armory  
  158  11:03  Barracks Reactor  
  158  11:04  Barracks Reactor, Engineering Bay, Barracks Tech Lab  
  159  11:09  Marauder  
  161  11:17  Marauder  
  161  11:18  Marauder, Marine x2  
  165  11:20  Marauder, Widow Mine  
  165  11:22  Widow Mine  
  173  11:26  Marauder  
  173  11:30  Marauder  
  176  11:36  Marine x2  
  176  11:38  Marauder  
  176  11:39  Marine x3  
  167  11:40  Marine x2  
  167  11:41  Marine, Widow Mine  
  167  11:43  Widow Mine  
  167  11:47  Marine  
  174  11:51  Marine  
  174  11:54  Marine x2, Orbital Command  
  176  11:57  Marauder, Marine  
  176  11:59  Marauder x2  
  175  12:02  Marine x3  
  175  12:03  Widow Mine  
  175  12:04  Widow Mine  
  175  12:05  Marauder  
  181  12:10  Marauder  
  141  12:19  Marauder  
  141  12:20  Marauder, Marine  
  141  12:21  Marauder, Marine  
  140  12:23  Marine  
  140  12:26  Marine  
  140  12:28  Marine  
  138  12:30  SCV  
  138  12:31  Marauder  
  141  12:38  Marine  
  141  12:40  Marauder  
Show
View Real Time Build Order
Export as new Build Order

Classic Protoss - Winner!

Build Orders: 1 Gate Expand, Blink Stalkers, Colossus Rush 

Get SALT Encoding   

  12  0:00  Probe  
  13  0:12  Probe  
  14  0:17  Pylon  
  14  0:24  Probe  
  15  0:35  Gateway  
  15  0:36  Probe (Chrono Boost)  
  16  0:46  Assimilator, Probe (Chrono Boost)  
  17  0:51  Probe (Chrono Boost)  
  18  1:03  Probe  
  19  1:15  Probe  
  20  1:22  Cybernetics Core  
  20  1:32  Nexus  
  20  1:39  Pylon  
  20  1:42  Probe  
  21  1:48  Assimilator  
  21  1:55  Adept (Chrono Boost), Probe  
  21  2:00  Warp Gate  
  24  2:07  Probe  
  25  2:17  Adept  
  25  2:19  Probe  
  28  2:27  Twilight Council  
  28  2:31  Probe  
  29  2:43  Probe (Chrono Boost)  
  30  2:44  Probe (Chrono Boost)  
  30  2:47  Stalker  
  33  2:53  Probe x2 (Chrono Boost)  
  33  2:58  Probe x2 (Chrono Boost)  
  35  2:59  Blink (Chrono Boost)  
  37  3:09  Probe  
  37  3:10  Probe  
  39  3:19  Gateway  
  39  3:23  Gateway  
  39  3:25  Probe x2  
  41  3:32  Robotics Facility  
  41  3:38  Probe  
  41  3:39  Probe  
  41  3:40  Pylon  
  43  3:49  Stalker  
  43  3:53  Probe  
  46  3:57  Assimilator  
  46  3:58  Probe  
  46  3:59  Assimilator  
  46  4:01  Pylon  
  47  4:03  Shield Battery  
  47  4:07  Probe  
  46  4:10  Probe  
  46  4:14  Stalker x2  
  51  4:23  Observer  
  52  4:24  Stalker  
  54  4:31  Pylon  
  54  4:33  Probe x2  
  57  4:45  Probe x2  
  57  4:49  Robotics Bay  
  58  4:55  Nexus  
  58  4:56  Pylon  
  58  4:57  Probe  
  58  4:58  Probe  
  60  5:01  Immortal (Chrono Boost)  
  64  5:10  Forge, Probe x2  
  66  5:16  Sentry  
  66  5:17  Sentry  
  66  5:20  Pylon  
  70  5:22  Probe x2  
  72  5:34  Colossus (Chrono Boost)  
  68  5:36  Probe x2  
  68  5:39  Extended Thermal Lance  
  76  5:44  Observer  
  76  5:45  Protoss Ground Weapons Level 1 (Chrono Boost)  
  76  5:48  Probe x2  
  78  5:52  Gateway, Observer  
  78  5:55  Gateway  
  78  6:00  Probe x2  
  78  6:01  Gateway  
  80  6:12  Colossus (Chrono Boost)  
  80  6:15  Pylon  
  80  6:17  Probe x3  
  80  6:18  Observer  
  89  6:23  Assimilator  
  89  6:24  Charge  
  89  6:29  Gateway x2  
  89  6:31  Pylon  
  89  6:33  Probe x2  
  89  6:34  Probe  
  89  6:35  Phoenix  
  92  6:46  Robotics Facility  
  91  6:53  Shield Battery  
  91  6:55  Warp Prism (Chrono Boost), Nexus  
  93  7:02  Probe x3  
  93  7:05  Forge  
  96  7:14  Probe x2  
  96  7:15  Probe  
  99  7:17  Stalker x4  
  99  7:22  Sentry  
  109  7:27  Shield Battery  
  109  7:28  Zealot x3  
  115  7:30  Pylon  
  115  7:36  Pylon  
  115  7:37  Protoss Ground Armor Level 1  
  115  7:44  Protoss Ground Weapons Level 2 (Chrono Boost)  
  115  7:55  Pylon  
  115  7:57  Stalker x5  
  123  8:10  Zealot x3  
  125  8:17  Probe x2  
  125  8:18  Probe x2  
  127  8:22  Zealot x2  
  127  8:23  Zealot x3  
  133  8:28  Shield Battery  
  133  8:29  Probe  
  133  8:33  Pylon  
  132  8:34  Disruptor x2 (Chrono Boost)  
  132  8:35  Pylon  
  132  8:36  Pylon  
  134  8:43  Probe x4  
  134  8:47  Pylon  
  138  8:49  Zealot  
  140  8:55  Shield Battery  
  138  9:03  Pylon, Disruptor  
  138  9:04  Disruptor  
  138  9:08  Stalker x6  
  148  9:20  Zealot  
  148  9:21  Zealot  
  122  9:31  Zealot x6  
  128  9:40  Disruptor x2 (Chrono Boost)  
  131  9:49  Zealot x2  
  133  9:59  Protoss Ground Armor Level 2 (Chrono Boost)  
  131  10:03  Zealot x6, Nexus  
  131  10:04  Pylon  
  139  10:11  Robotics Facility, Protoss Ground Weapons Level 3 (Chrono Boost)  
  139  10:12  Stalker  
  139  10:13  Disruptor x2 (Chrono Boost), Stalker  
  145  10:15  Assimilator  
  145  10:28  Pylon  
  145  10:37  Zealot x8  
  145  10:42  Dark Shrine, Nexus  
  159  10:43  Warp Prism (Chrono Boost)  
  159  10:44  Pylon  
  159  10:45  Disruptor (Chrono Boost)  
  160  11:02  Probe x3  
  160  11:03  Probe  
  164  11:08  Gateway  
  164  11:11  Gateway  
  164  11:20  Disruptor x3  
  169  11:26  Zealot x8  
  173  11:43  Gateway  
  173  11:44  Gateway  
  173  11:50  Robotics Facility, Stalker x8  
  173  11:52  Robotics Facility  
  182  12:11  Disruptor x2  
  177  12:22  Zealot x10  
  187  12:25  Observer  
  187  12:28  Probe x6  
  184  12:40  Observer  
  185  12:48  Zealot x10  
  166  12:54  Zealot x2  
  166  12:55  Zealot x8  
Tags
 
Add a new tag
Caveats
  • Supply blocks, unpowered buildings, or Contaminate may cause inaccurate times.
  • Supply counts are checked every 10 seconds.